TOP OF THE 1ST |
Lansing Lugnuts batting - Pitching for Santa Monica Bruins : RHP José Castro
|
Pitching: RHP José Castro
|
|
Batting: LHB Sam Barnes
|
0-0: Called Strike 0-1: Foul Ball, location: 2F 0-2: Ball 1-2: Fly out, F8 (Flyball, 89XD)
|
Batting: RHB Jeff Packard
|
0-0: Called Strike 0-1: Swinging Strike 0-2: Fly out, F8 (Flyball, 8RXD)
|
Batting: RHB Júlio Caraballo
|
0-0: Foul Ball, location: 2F 0-1: Ball 1-1: Foul Ball, location: 2F 1-2: Strikes out looking
|
Top of the 1st over - 0 run(s), 0 hit(s), 0 error(s), 0 left on base; Lansing 0 - Santa Monica 0 |
BOTTOM OF THE 1ST |
Santa Monica Bruins batting - Pitching for Lansing Lugnuts : RHP Arturo Leal
|
Pitching: RHP Arturo Leal
|
|
Batting: RHB Alonso Sánchez
|
0-0: Called Strike 0-1: Foul Ball, location: 2F 0-2: Ball 1-2: Ball 2-2: Fly out, F8 (Popup, 8LS)
|
Batting: RHB Don Keating
|
0-0: Ball 1-0: Swinging Strike 1-1: Ground out 6-3 (Groundball, 6)
|
Batting: RHB Salvador Salas
|
0-0: Ball 1-0: DOUBLE (Line Drive, 78M)
|
Batting: LHB Ken Poche
|
0-0: Ball 1-0: Swinging Strike 1-1: Foul Ball, location: 2F 1-2: Foul Ball, location: 2F 1-2: Reached on error, E5 (Groundball, 5S) Salvador Salas scores
|
Batting: RHB Motoshige Yagi
|
0-0: Called Strike 0-1: Swinging Strike 0-2: DOUBLE (Line Drive, 78D) Ken Poche scores
|
Batting: LHB Greg Schultz
|
0-0: SINGLE (Line Drive, 4D) Motoshige Yagi to third Runner from 3rd tries for Home, throw and OUT!
|
Bottom of the 1st over - 2 run(s), 3 hit(s), 1 error(s), 1 left on base; Lansing 0 - Santa Monica 2 |
TOP OF THE 2ND |
Lansing Lugnuts batting - Pitching for Santa Monica Bruins : RHP José Castro
|
Batting: LHB Ricardo Romero
|
0-0: Called Strike 0-1: Swinging Strike 0-2: Strikes out looking
|
Batting: LHB Francisco Marino
|
0-0: Called Strike 0-1: Ball 1-1: Foul Ball, location: 2F 1-2: Foul Ball, location: 2F 1-2: SINGLE (Groundball, 34D)
|
Batting: RHB Phil Matthews
|
0-0: Ball 1-0: Fly out, F8 (Flyball, 8RXD)
|
Batting: RHB Sadao Kimura
|
0-0: Ball 1-0: Foul Ball, location: 2F 1-1: Called Strike Francisco Marino is caught stealing 2nd base
|
Top of the 2nd over - 0 run(s), 1 hit(s), 0 error(s), 0 left on base; Lansing 0 - Santa Monica 2 |
BOTTOM OF THE 2ND |
Santa Monica Bruins batting - Pitching for Lansing Lugnuts : RHP Arturo Leal
|
Batting: RHB Miguel Moreno
|
0-0: Foul Ball, location: 2F 0-1: Fly out, F8 (Line Drive, 8LD)
|
Batting: RHB Justin Burgess
|
0-0: Ball 1-0: Called Strike 1-1: Foul Ball, location: 2F 1-2: SINGLE (Groundball, 56D)
|
Batting: RHB Armando Méndez
|
0-0: DOUBLE (Line Drive, 78M) Justin Burgess to third Runner from 3rd tries for Home, SAFE, throw made at trailing runner, SAFE at third!
|
Batting: RHB Alonso Sánchez
|
0-0: Called Strike 0-1: Fly out, F7 (Flyball, 7LD) Runner from 3rd tags up, SCORES, no throw
|
Batting: RHB Don Keating
|
0-0: Ball 1-0: DOUBLE (Line Drive, 9LM)
|
Batting: RHB Salvador Salas
|
0-0: Called Strike 0-1: Ball 1-1: Called Strike 1-2: SINGLE (Groundball, 56D) Don Keating to third Runner from 3rd tries for Home, SAFE, no throw or cutoff
|
Batting: LHB Ken Poche
|
0-0: Ball 1-0: Called Strike 1-1: Foul Ball, location: 2F 1-2: Foul Ball, location: 2F 1-2: Ball 2-2: Ball 3-2: Foul Ball, location: 2F 3-2: Fly out, F8 (Flyball, 8LXD)
|
Bottom of the 2nd over - 3 run(s), 4 hit(s), 0 error(s), 1 left on base; Lansing 0 - Santa Monica 5 |
TOP OF THE 3RD |
Lansing Lugnuts batting - Pitching for Santa Monica Bruins : RHP José Castro
|
Batting: RHB Sadao Kimura
|
0-0: Ball 1-0: Called Strike 1-1: Foul Ball, location: 2F 1-2: Ball 2-2: Ball 3-2: Strikes out swinging
|
Batting: RHB Matt Silver
|
0-0: Ball 1-0: Ball 2-0: Called Strike 2-1: Foul Ball, location: 2F 2-2: Foul Ball, location: 2F 2-2: Strikes out looking
|
Batting: LHB Alberto Medine
|
0-0: Ball 1-0: Called Strike 1-1: Ball 2-1: Foul Ball, location: 2F 2-2: Ground out 4-3 (Groundball, 4M)
|
Top of the 3rd over - 0 run(s), 0 hit(s), 0 error(s), 0 left on base; Lansing 0 - Santa Monica 5 |
BOTTOM OF THE 3RD |
Santa Monica Bruins batting - Pitching for Lansing Lugnuts : RHP Arturo Leal
|
Batting: RHB Motoshige Yagi
|
0-0: Called Strike 0-1: Swinging Strike 0-2: Ball 1-2: Ground out 1-3 (Groundball, 15)
|
Batting: LHB Greg Schultz
|
0-0: SINGLE (Line Drive, 7S)
|
Batting: RHB Miguel Moreno
|
0-0: Grounds into double play, 1-6-3 (Groundball, 13S)
|
Bottom of the 3rd over - 0 run(s), 1 hit(s), 0 error(s), 0 left on base; Lansing 0 - Santa Monica 5 |
TOP OF THE 4TH |
Lansing Lugnuts batting - Pitching for Santa Monica Bruins : RHP José Castro
|
Batting: LHB Sam Barnes
|
0-0: Swinging Strike 0-1: Ball 1-1: Foul Ball, location: 2F 1-2: Ball 2-2: Strikes out swinging
|
Batting: RHB Jeff Packard
|
0-0: Called Strike 0-1: Foul Ball, location: 2F 0-2: Ball 1-2: Ball 2-2: DOUBLE (Line Drive, 78D)
|
Batting: RHB Júlio Caraballo
|
0-0: Called Strike 0-1: Ball 1-1: Ball 2-1: Swinging Strike 2-2: Strikes out swinging
|
Batting: LHB Ricardo Romero
|
0-0: Called Strike 0-1: Foul Ball, location: 2F 0-2: 2-RUN HOME RUN (Flyball, 7D), Distance : 356 ft
|
Batting: LHB Francisco Marino
|
0-0: Foul Ball, location: 2F 0-1: Ball 1-1: Called Strike 1-2: SINGLE (Groundball, 5D)
|
Batting: RHB Phil Matthews
|
0-0: Ball 1-0: Foul Ball, location: 2F 1-1: Ball 2-1: TRIPLE (Line Drive, 9LM) Francisco Marino scores
|
Batting: RHB Sadao Kimura
|
0-0: Ball 1-0: Foul Ball, location: 2F 1-1: Ground out 5-3 (Groundball, 56S)
|
Top of the 4th over - 3 run(s), 4 hit(s), 0 error(s), 1 left on base; Lansing 3 - Santa Monica 5 |
BOTTOM OF THE 4TH |
Santa Monica Bruins batting - Pitching for Lansing Lugnuts : RHP Arturo Leal
|
Batting: RHB Justin Burgess
|
0-0: Ball 1-0: Fly out, F9 (Flyball, 9LM)
|
Batting: RHB Armando Méndez
|
0-0: Reached on Error, E8 (Flyball, 8LS)
|
Batting: RHB Alonso Sánchez
|
0-0: Fly out, F7 (Flyball, 78M)
|
Batting: RHB Don Keating
|
0-0: Ball 1-0: Ball 2-0: Ball 3-0: Base on Balls Armando Méndez to second
|
Batting: RHB Salvador Salas
|
0-0: Ball 1-0: Foul Ball, location: 2F 1-1: SINGLE (Line Drive, 6MD) Armando Méndez to third Don Keating to second Runner from 3rd tries for Home, SAFE, no throw or cutoff
|
Batting: LHB Ken Poche
|
0-0: Ball 1-0: Called Strike 1-1: Ball 2-1: Ball 3-1: Base on Balls Don Keating to third Salvador Salas to second
|
Pitching: RHP Ross Holley
|
|
Batting: RHB Motoshige Yagi
|
0-0: Called Strike 0-1: Ball 1-1: Foul Ball, location: 2F 1-2: Fly out, F3 (Popup, 3L)
|
Bottom of the 4th over - 1 run(s), 1 hit(s), 1 error(s), 3 left on base; Lansing 3 - Santa Monica 6 |
TOP OF THE 5TH |
Lansing Lugnuts batting - Pitching for Santa Monica Bruins : RHP José Castro
|
Batting: RHB Matt Silver
|
0-0: Ball 1-0: Foul Ball, location: 2F 1-1: Fly out, F3 (Popup, 3SF)
|
Batting: LHB Alberto Medine
|
0-0: Called Strike 0-1: Ball 1-1: Foul Ball, location: 2F 1-2: Foul Ball, location: 2F 1-2: Strikes out swinging
|
Batting: LHB Sam Barnes
|
0-0: Called Strike 0-1: Foul Ball, location: 2F 0-2: Ball 1-2: DOUBLE (Line Drive, 9D)
|
Batting: RHB Jeff Packard
|
0-0: Ball 1-0: Fly out, F8 (Flyball, 8LM)
|
Top of the 5th over - 0 run(s), 1 hit(s), 0 error(s), 1 left on base; Lansing 3 - Santa Monica 6 |
BOTTOM OF THE 5TH |
Santa Monica Bruins batting - Pitching for Lansing Lugnuts : RHP Ross Holley
|
Batting: LHB Greg Schultz
|
0-0: Ball 1-0: Ball 2-0: Called Strike 2-1: Ball 3-1: Swinging Strike 3-2: Base on Balls
|
Batting: RHB Miguel Moreno
|
0-0: Ball 1-0: Ball 2-0: Called Strike 2-1: Ball 3-1: Fly out, F9 (Flyball, 9S)
|
Batting: RHB Justin Burgess
|
0-0: Swinging Strike 0-1: Ball 1-1: Fly out, F8 (Flyball, 8LXD)
|
Batting: RHB Armando Méndez
|
0-0: Ball 1-0: Ball 2-0: Called Strike 2-1: Ball 3-1: Base on Balls Greg Schultz to second
|
Pitching: RHP Ángelo Gusmán
|
|
Batting: RHB Alonso Sánchez
|
0-0: Ground out 5-3 (Groundball, 56S)
|
Bottom of the 5th over - 0 run(s), 0 hit(s), 0 error(s), 2 left on base; Lansing 3 - Santa Monica 6 |
TOP OF THE 6TH |
Lansing Lugnuts batting - Pitching for Santa Monica Bruins : RHP José Castro
|
Batting: RHB Júlio Caraballo
|
0-0: Called Strike 0-1: Ball 1-1: Foul Ball, location: 2F 1-2: Ball 2-2: Foul Ball, location: 2F 2-2: Ground out 5-3 (Groundball, 5S)
|
Batting: LHB Ricardo Romero
|
0-0: Swinging Strike 0-1: Ball 1-1: Foul Ball, location: 2F 1-2: Strikes out swinging
|
Batting: LHB Francisco Marino
|
0-0: Ball 1-0: Swinging Strike 1-1: Swinging Strike 1-2: Strikes out looking
|
Top of the 6th over - 0 run(s), 0 hit(s), 0 error(s), 0 left on base; Lansing 3 - Santa Monica 6 |
BOTTOM OF THE 6TH |
Santa Monica Bruins batting - Pitching for Lansing Lugnuts : RHP Ángelo Gusmán
|
Batting: RHB Don Keating
|
0-0: SOLO HOME RUN (Line Drive, 78XD), Distance : 412 ft
|
Batting: RHB Salvador Salas
|
0-0: Called Strike 0-1: Foul Ball, location: 2F 0-2: Ball 1-2: Ball 2-2: Ball 3-2: SINGLE (Groundball, 6M)
|
Batting: LHB Ken Poche
|
0-0: Ball 1-0: Ball 2-0: Foul Ball, location: 2F 2-1: Foul Ball, location: 2F 2-2: Ball 3-2: Fly out, F7 (Flyball, 7M)
|
Batting: RHB Motoshige Yagi
|
0-0: Called Strike 0-1: Called Strike 0-2: Foul Ball, location: 2F 0-2: Hit by Pitch Salvador Salas to second
|
Batting: LHB Greg Schultz
|
0-0: Ball 1-0: Called Strike 1-1: Swinging Strike 1-2: 3-RUN HOME RUN (Flyball, 8LD), Distance : 412 ft
|
Pitching: RHP Jesús Sosa
|
|
Batting: RHB Miguel Moreno
|
0-0: SINGLE (Groundball, 56D)
|
Batting: RHB Justin Burgess
|
0-0: Ball 1-0: Ground out 5-3 (Groundball, 5S) Miguel Moreno to second
|
Batting: RHB Armando Méndez
|
0-0: Ball 1-0: Foul Ball, location: 2F 1-1: Ball 2-1: Swinging Strike 2-2: Ball 3-2: SINGLE (Line Drive, 78S) Miguel Moreno to third Miguel Moreno scores
|
Batting: RHB Alonso Sánchez
|
0-0: Ball 1-0: Ball 2-0: Swinging Strike 2-1: Ground out 4-3 (Groundball, 4)
|
Bottom of the 6th over - 5 run(s), 5 hit(s), 0 error(s), 1 left on base; Lansing 3 - Santa Monica 11 |
TOP OF THE 7TH |
Lansing Lugnuts batting - Pitching for Santa Monica Bruins : RHP José Castro
|
Pitching: RHP Andrés Macías
|
|
Batting: RHB Phil Matthews
|
0-0: Ball 1-0: Called Strike 1-1: SINGLE (Groundball, 56D)
|
Batting: RHB Sadao Kimura
|
0-0: Ball 1-0: Called Strike 1-1: Ball Phil Matthews is caught stealing 2nd base 2-1: Foul Ball, location: 2F 2-2: DOUBLE (Flyball, 7LD)
|
Batting: RHB Matt Silver
|
0-0: SINGLE (Line Drive, 7LM) Sadao Kimura to third Runner from 3rd tries for Home, SAFE, no throw or cutoff
|
Batting: LHB Alberto Medine
|
0-0: Ball Throwing error on steal attempt, E2 Matt Silver to third 1-0: Called Strike 1-1: Foul Ball, location: 2F 1-2: Foul Ball, location: 2F 1-2: Foul Ball, location: 2F 1-2: Strikes out swinging
|
Batting: LHB Sam Barnes
|
0-0: Fly out, F9 (Line Drive, 89M)
|
Top of the 7th over - 1 run(s), 3 hit(s), 1 error(s), 1 left on base; Lansing 4 - Santa Monica 11 |
BOTTOM OF THE 7TH |
Santa Monica Bruins batting - Pitching for Lansing Lugnuts : RHP Jesús Sosa
|
Batting: RHB Don Keating
|
0-0: Ball 1-0: Called Strike 1-1: Foul Ball, location: 2F 1-2: Fly out, F9 (Flyball, 9LD)
|
Batting: RHB Salvador Salas
|
0-0: Called Strike 0-1: Ball 1-1: Ball 2-1: Ball 3-1: Base on Balls
|
Batting: LHB Ken Poche
|
0-0: Ball 1-0: Ball 2-0: Foul Ball, location: 2F 2-1: Swinging Strike 2-2: Ball 3-2: Grounds into double play, 5-4-3 (Groundball, 5)
|
Bottom of the 7th over - 0 run(s), 0 hit(s), 0 error(s), 0 left on base; Lansing 4 - Santa Monica 11 |
TOP OF THE 8TH |
Lansing Lugnuts batting - Pitching for Santa Monica Bruins : RHP Andrés Macías
|
Batting: RHB Jeff Packard
|
0-0: Ball 1-0: Ball 2-0: Ground out 4-3 (Groundball, 4)
|
Batting: RHB Júlio Caraballo
|
0-0: Called Strike 0-1: Ball 1-1: Ball 2-1: Foul Ball, location: 2F 2-2: Strikes out swinging
|
Batting: LHB Ricardo Romero
|
0-0: Ball 1-0: Ball 2-0: Ball 3-0: Base on Balls
|
Batting: LHB Francisco Marino
|
0-0: Ball 1-0: Ball 2-0: Ball 3-0: Base on Balls Ricardo Romero to second
|
Batting: RHB Phil Matthews
|
0-0: Ball 1-0: Ball 2-0: Ball 3-0: Called Strike 3-1: Base on Balls Ricardo Romero to third Francisco Marino to second
|
Batting: RHB Sadao Kimura
|
0-0: Ball 1-0: Ball 2-0: Ground out 1-3 (Groundball, 15)
|
Top of the 8th over - 0 run(s), 0 hit(s), 0 error(s), 3 left on base; Lansing 4 - Santa Monica 11 |
BOTTOM OF THE 8TH |
Santa Monica Bruins batting - Pitching for Lansing Lugnuts : RHP Jesús Sosa
|
Batting: RHB Motoshige Yagi
|
0-0: Called Strike 0-1: Foul Ball, location: 2F 0-2: Strikes out looking
|
Pitching: RHP Aaron Abrams
|
|
Batting: LHB Greg Schultz
|
0-0: Ground out 6-3 (Groundball, 6)
|
Batting: RHB Miguel Moreno
|
0-0: Called Strike 0-1: Ball 1-1: Called Strike 1-2: Foul Ball, location: 2F 1-2: Ball 2-2: Ball 3-2: Base on Balls
|
Batting: RHB Justin Burgess
|
0-0: Swinging Strike 0-1: Foul Ball, location: 2F 0-2: Ball Miguel Moreno steals 2nd base 1-2: Foul Ball, location: 2F 1-2: Strikes out swinging
|
Bottom of the 8th over - 0 run(s), 0 hit(s), 0 error(s), 1 left on base; Lansing 4 - Santa Monica 11 |
TOP OF THE 9TH |
Lansing Lugnuts batting - Pitching for Santa Monica Bruins : RHP Andrés Macías
|
Batting: RHB Matt Silver
|
0-0: Ball 1-0: Foul Ball, location: 2F 1-1: Foul Ball, location: 2F 1-2: Ground out 6-3 (Groundball, 6M)
|
Batting: LHB Alberto Medine
|
0-0: Called Strike 0-1: Ball 1-1: Swinging Strike 1-2: Foul Ball, location: 2F 1-2: Foul Ball, location: 2F 1-2: Ball 2-2: Ball 3-2: Foul Ball, location: 2F 3-2: Ground out 4-3 (Groundball, 4M)
|
Batting: LHB Sam Barnes
|
0-0: Ball 1-0: Ball 2-0: Ball 3-0: Base on Balls
|
Batting: RHB Jeff Packard
|
0-0: Ball 1-0: Called Strike 1-1: SINGLE (Line Drive, 89S) Sam Barnes to second Runner from 2nd tries for 3rd, SAFE, throw made to third
|
Batting: RHB Júlio Caraballo
|
0-0: Fielders Choice at 2nd, 6-4 (Groundball, 6)
|
Top of the 9th over - 0 run(s), 1 hit(s), 0 error(s), 1 left on base; Lansing 4 - Santa Monica 11 |
|